 Dungeon Crawl Stone Soup version 0.25.1-2-g60ff931df9 (webtiles) character file.

Game seed: 5584484171523830980

16130 OdinFK the Spear-Bearer (level 12, 0/96 HPs)
             Began as a Merfolk Skald on Oct 20, 2020.
             Was a High Priest of Fedhas.
             Killed from afar by a rakshasa (29 damage)
             ... with a lance of force
             ... on level 1 of the Abyss.
             The game lasted 01:07:22 (17220 turns).

OdinFK the Spear-Bearer (Merfolk Skald)            Turns: 17220, Time: 01:07:23

Health: 0/96       AC: 12    Str: 21    XL:     12   Next: 34%
Magic:  16/29      EV: 18    Int: 17    God:    Fedhas [*****.]
Gold:   520        SH:  6    Dex: 13    Spells: 13/21 levels left

rFire    . . .     SeeInvis .   H - +0 trident
rCold    . . .     Gourm    .   y - +1 buckler
rNeg     . . .     Faith    .   F - +3 leather armour
rPois    .         Spirit   .   b - +2 helmet {Int+3}
rElec    .         Reflect  .   (no cloak)
rCorr    .         Harm     .   B - +2 pair of gloves
MR       .....                  (no boots)
Stlth    +.........             (no amulet)
HPRegen  0.26/turn              R - +6 ring of strength
MPRegen  0.21/turn              f - ring of magical power

@: shrouded, infused
A: change form in water, swift swim, stealthy swim
a: Wall of Briars, Grow Ballistomycete, Overgrow, Grow Oklob, Renounce Religion


You were on level 1 of the Abyss.
You worshipped Fedhas.
Fedhas was extremely pleased with you.
You were very hungry.

You visited 4 branches of the dungeon, and saw 16 of its levels.
You visited the Abyss 1 time.

You collected 977 gold pieces.
You spent 457 gold pieces at shops.

Inventory:

Hand Weapons
 H - a +0 trident (weapon)
Missiles
 k - 4 curare-tipped darts
 v - 10 poisoned darts (quivered)
 L - a throwing net
 Q - 11 javelins
Armour
 b - a +2 helmet of intelligence (worn)
 y - a +1 buckler (worn)
 B - a +2 pair of gloves (worn)
 F - a +3 leather armour (worn)
Jewellery
 f - a ring of magical power (right hand)
 g - an uncursed ring of protection from fire
 G - an uncursed ring of flight
 R - a +6 ring of strength (left hand)
Wands
 a - a wand of paralysis (6)
 l - a wand of disintegration (12)
 C - a wand of flame (65)
 K - a wand of acid (10)
 N - a wand of clouds (6)
Scrolls
 c - a scroll of enchant armour
 p - 3 scrolls of fog
 t - 2 scrolls of teleportation
 u - 3 scrolls of remove curse
 z - a scroll of brand weapon {unknown}
 A - a scroll of amnesia {unknown}
 D - a scroll of enchant weapon {unknown}
 I - 3 scrolls of immolation
 P - a scroll of torment {unknown}
Potions
 h - a potion of haste
 j - a potion of cancellation
 m - a potion of mutation
 o - 2 potions of brilliance
 q - a potion of experience {unknown}
 r - a potion of resistance {unknown}
 J - a potion of flight {unknown}
 M - a potion of magic {unknown}
 O - a potion of stabbing {unknown}
Miscellaneous
 e - a box of beasts
Comestibles
 d - 13 rations


   Skills:
 + Level 9.4 Fighting
 - Level 14.0 Polearms
 + Level 5.3 Throwing
 - Level 1.0 Armour
 + Level 10.6 Dodging
 - Level 4.0 Shields
 + Level 5.4 Spellcasting
 - Level 2.0 Hexes
 + Level 7.5 Charms
 - Level 0.5 Translocations
 + Level 4.8 Invocations
 - Level 4.0 Evocations


You had 13 spell levels left.
You knew the following spells:

 Your Spells              Type           Power        Failure   Level  Hunger
a - Infusion              Chrm           ####         1%          1    None
b - Shroud of Golubria    Chrm/Tloc      ###...       4%          2    #......
c - Song of Slaying       Chrm           ####....     1%          2    #......
d - Spectral Weapon       Hex/Chrm       ###.....     7%          3    ##.....

Your spell library contained the following spells:

 Spells                   Type           Power        Failure   Level  Hunger
 Ozocubu's Armour         Chrm/Ice       ###.....     10%         3    ##.....
 Slow                     Hex            ##......     11%         2    #......
 Magic Dart               Conj           #...         16%         1    None
 Blink                    Tloc           N/A          19%         2    #......
 Confusing Touch          Hex            ##......     21%         3    ##.....
 Call Imp                 Summ           #.......     24%         2    #......
 Gell's Gravitas          Tloc           #.........   36%         3    ##.....
 Conjure Flame            Conj/Fire      #.......     43%         3    ##.....
 Mephitic Cloud           Conj/Pois/Air  #.......     43%         3    ##.....
 Petrify                  Tmut/Erth      #.......     83%         4    ####...
 Metabolic Englaciation   Hex/Ice        #.........   96%         5    ######.
 Yara's Violent Unravell  Hex/Tmut       #.........   96%         5    ######.


Dungeon Overview and Level Annotations

Branches:
Dungeon (11/15)            Temple (1/1) D:4            Lair (2/6) D:10
    Orc (2/2) D:10
  Swamp: Lair:2-4    Shoals: Lair:2-4     Snake: Lair:2-4    Spider: Lair:2-4
    Elf: Orc:2

Altars:
Ashenzari
Cheibriados
Dithmenos
Elyvilon
Fedhas
Gozag
Hepliaklqana
Kikubaaqudgha
Makhleb
Nemelex Xobeh
Okawaru
Qazlal
Ru
Sif Muna
Trog
Uskayaw
Vehumet
Wu Jian
Xom
Yredelemnul
Zin
The Shining One

Shops:
D:10 [[:

Annotations:
D:11 Gastronok
Lair:2 Sonja
Orc:2 1 runed translucent door, Rupert; nano's ghost, journeyman OpVM


Message History

Press: ? - help, Dir - move target cursor, f - rakshasa
Aim: a rakshasa, wielding a +0 trident and wearing a +0 robe (severely wounded)
You reach to attack!
You hit the rakshasa.
The rakshasa is severely wounded.
Your spectral weapon barely misses the rakshasa.
Attack whom?
Press: ? - help, Dir - move target cursor, f/p - rakshasa
Aim: a rakshasa, wielding a +0 trident and wearing a +0 robe (severely wounded)
You reach to attack!
You puncture the rakshasa!
The rakshasa is almost dead.
You feel less wooden.
Your +2 helmet of intelligence unmelds from your body.
Your +2 pair of gloves unmelds from your body.
Your +3 leather armour unmelds from your body.
You feel clever.
Your spectral weapon closely misses the rakshasa.
The rakshasa gestures at you. The lance of force hits you!!
You die...
Fedhas appreciates your contribution to the ecosystem.

# . ##
#.. # .
.## .
..#... #
.... # .
# . ....
# ..#.#
#...#...
#
....#>..
.
.##(#.#
#@.R# #
####.#.
#


You could see a rakshasa and a friendly spectral +0 trident.

Vanquished Creatures
  A hydra (D:11)
  A tengu warrior (D:10)
  A two-headed ogre (D:11)
  A swamp dragon (D:11)
  A wizard (D:11)
  A cyclops (D:11)
  An ugly thing (D:10)
  An orange demon (Abyss:1)
  2 spiny frogs
  A centaur skeleton (D:11)
  A komodo dragon (Lair:1)
  A demonic crawler (Abyss:1)
  3 kobold demonologists (D:10)
  3 trolls (D:11)
  A merfolk (D:10)
  A hornet (D:11)
  2 hippogriffs (Lair:2)
  A wraith (D:11)
  13 yaks
  A wyvern (D:11)
  A tarantella (shapeshifter) (D:11)
  3 hungry ghosts
  2 water moccasins (Lair:2)
  3 ice beasts
  5 orc warriors
  A porcupine (Lair:1)
  A necrophage (D:11)
  3 sky beasts
  3 black bears
  2 wolves
  6 phantoms
  2 ogres
  4 centaurs
  A crocodile (Lair:1)
  A big kobold (D:10)
  7 bullfrogs
  A wyvern zombie (D:6)
  A wyvern skeleton (D:8)
  3 scorpions
  A water moccasin skeleton (D:5)
  3 troll zombies (D:10)
  6 killer bees (D:8)
  A troll skeleton (Abyss:1)
  A howler monkey (D:9)
  A vampire bat (D:3)
  A bullfrog zombie (D:6)
  4 crimson imps
  2 jellies
  5 orc priests
  2 hounds
  10 orc wizards
  3 bullfrog skeletons
  4 iguanas
  10 worker ants
  A killer bee zombie (D:10)
  5 ogre zombies (D:10)
  3 hound zombies
  A howler monkey zombie (D:10)
  15 adders
  7 gnolls
  A river rat (D:5)
  A shadow imp (D:6)
  2 oozes
  2 adder skeletons (D:8)
  An adder zombie (D:10)
  2 worms
  3 dart slugs
  3 fire bats (D:3)
  3 leopard geckos
  31 orcs
  2 spectral bats (D:3)
  3 ball pythons
  A bat simulacrum (D:3)
  3 bat skeletons (D:3)
  A bat zombie (D:3)
  7 giant cockroaches
  3 goblins
  9 hobgoblins
  7 jackals
  5 quokkas
  14 bats
  7 frilled lizards
  3 goblin zombies (D:10)
  A hobgoblin skeleton (D:10)
  4 hobgoblin zombies (D:10)
  9 kobolds
  2 orc skeletons (D:10)
  15 orc zombies (D:10)
  3 quokka skeletons
  12 rats
334 creatures vanquished.

Vanquished Creatures (others)
  An orc warrior (Orc:2)
  An orc (Orc:2)
  A fungus (Lair:2)
  16 spectral weapons
19 creatures vanquished.

Grand Total: 353 creatures vanquished

Notes
Turn   | Place    | Note
-------+----------+-------------------------------------------
     0 | D:1      | OdinFK the Merfolk Skald began the quest for the Orb.
     0 | D:1      | Reached XP level 1. HP: 16/16 MP: 3/3
     2 | D:1      | Noticed a human
     4 | D:1      | Noticed a spriggan
     4 | D:1      | Noticed a demigod
     6 | D:1      | Noticed a demonspawn
     6 | D:1      | Noticed an elf
     8 | D:1      | Noticed a formicid
     8 | D:1      | Noticed a centaur
    10 | D:1      | Noticed an ogre
    10 | D:1      | Noticed a dwarf
    12 | D:1      | Noticed a troll
    12 | D:1      | Noticed a vine stalker
    14 | D:1      | Noticed a ghoul
    16 | D:1      | Noticed a vampire
    16 | D:1      | Noticed a merfolk
    18 | D:1      | Noticed an octopode
    18 | D:1      | Noticed a gargoyle
    20 | D:1      | Noticed a tengu
    20 | D:1      | Noticed a draconian
    22 | D:1      | Noticed a naga
    24 | D:1      | Noticed a felid
    26 | D:1      | Noticed a minotaur
    26 | D:1      | Noticed a halfling
   213 | D:1      | Reached XP level 2. HP: 22/22 MP: 5/5
   538 | D:1      | Learned a level 2 spell: Shroud of Golubria
   821 | D:1      | Reached XP level 3. HP: 28/28 MP: 6/6
  1298 | D:2      | Found an opulent altar of Gozag.
  1312 | D:2      | Reached skill level 1 in Armour
  1443 | D:2      | Reached skill level 1 in Throwing
  1662 | D:2      | Found a shattered altar of Ashenzari.
  1687 | D:2      | You fall into a shaft and drop 2 floors!
  1698 | D:4      | Noticed a phantom
  1710 | D:5      | Entered Level 5 of the Dungeon
  1730 | D:5      | Reached XP level 4. HP: 28/34 MP: 0/7
  1812 | D:5      | Reached XP level 5. HP: 40/40 MP: 5/8
  1863 | D:4      | Reached skill level 4 in Polearms
  2029 | D:4      | Learned a level 2 spell: Song of Slaying
  2251 | D:2      | Found a sparkling altar of Nemelex Xobeh.
  2251 | D:2      | Found a bloodstained altar of Trog.
  2265 | D:2      | Found a white marble altar of Elyvilon.
  2265 | D:2      | Found a glowing golden altar of the Shining One.
  2311 | D:3      | Reached XP level 6. HP: 36/47 MP: 5/10
  2421 | D:2      | Found a glowing silver altar of Zin.
  2437 | D:2      | Found an ornate altar of the Wu Jian Council.
  2437 | D:2      | Found a snail-covered altar of Cheibriados.
  2578 | D:2      | Found a faded altar of an unknown god.
  2743 | D:2      | Found a basalt altar of Yredelemnul.
  2748 | D:2      | Found a shadowy altar of Dithmenos.
  3347 | D:3      | Found a shimmering altar of Xom.
  4278 | D:4      | Reached skill level 5 in Polearms
  4278 | D:4      | Reached XP level 7. HP: 50/53 MP: 11/11
  4533 | D:4      | Found a staircase to the Ecumenical Temple.
  4848 | Temple   | Entered the Ecumenical Temple
  4912 | Temple   | Became a worshipper of Fedhas Madash
  5021 | Temple   | Learned a level 3 spell: Spectral Weapon
  5252 | D:4      | Reached skill level 1 in Hexes
  5269 | D:4      | Reached skill level 5 in Dodging
  5499 | D:4      | Reached XP level 8. HP: 30/61 MP: 0/13
  5747 | D:4      | Reached skill level 5 in Charms
  5876 | D:4      | Reached * piety under Fedhas
  5883 | D:4      | Reached skill level 6 in Polearms
  6954 | D:5      | Reached skill level 5 in Fighting
  7221 | D:6      | Found a radiant altar of Vehumet.
  7556 | D:6      | Reached skill level 7 in Polearms
  7556 | D:6      | Reached skill level 1 in Invocations
  7556 | D:6      | Reached skill level 1 in Evocations
  8208 | D:6      | Reached XP level 9. HP: 52/68 MP: 15/15
  8224 | D:7      | Reached ** piety under Fedhas
  8684 | D:7      | Reached skill level 8 in Polearms
  9078 | D:8      | Reached skill level 9 in Polearms
  9717 | D:7      | Reached skill level 10 in Polearms
  9958 | D:8      | Reached skill level 11 in Polearms
 10365 | D:8      | Reached skill level 12 in Polearms
 10681 | D:8      | Reached XP level 10. HP: 61/76 MP: 16/16
 10940 | D:9      | Reached *** piety under Fedhas
 11135 | D:9      | Found a radiant altar of Vehumet.
 11551 | D:10     | Entered Level 10 of the Dungeon
 11621 | D:10     | Found Sallinus's Armour Shoppe.
 11622 | D:10     | Found Ozxausan's Antique Armour Shop.
 11727 | D:10     | Reached skill level 1 in Shields
 11738 | D:10     | Found a staircase to the Orcish Mines.
 11779 | D:10     | Bought a +3 leather armour for 247 gold pieces
 11926 | D:10     | Reached **** piety under Fedhas
 12176 | D:10     | Bought a shiny helmet for 210 gold pieces
 12331 | D:10     | Found Zexehyte's Book Boutique.
 12331 | D:10     | Noticed a kobold demonologist
 12357 | D:10     | Killed a kobold demonologist
 12370 | D:10     | Noticed a kobold demonologist
 12377 | D:10     | Noticed an orange demon
 12559 | D:10     | Noticed a kobold demonologist
 12568 | D:10     | Killed a kobold demonologist
 12573 | D:10     | Noticed a sun demon
 12575 | D:10     | Killed a kobold demonologist
 12795 | D:10     | Found a staircase to the Lair.
 13074 | D:11     | Noticed Gastronok
 13156 | Lair:1   | Entered Level 1 of the Lair of Beasts
 13246 | Lair:1   | Reached XP level 11. HP: 54/84 MP: 7/17
 13820 | Lair:2   | Noticed an eight-headed hydra
 13919 | Lair:2   | HP: 3/84 [spiny frog (5)]
 14224 | Lair:2   | Reached skill level 13 in Polearms
 14232 | Lair:2   | Noticed Sonja
 14408 | D:10     | Reached skill level 5 in Spellcasting
 14749 | D:11     | Noticed a wizard
 14760 | D:11     | Killed a wizard
 14769 | D:11     | Noticed a tengu warrior
 14944 | D:10     | Killed a tengu warrior
 14944 | D:10     | Reached ***** piety under Fedhas
 15257 | D:11     | Reached skill level 10 in Dodging
 15465 | D:11     | Noticed a red ugly thing
 15468 | D:11     | Noticed a cyclops
 15500 | D:10     | Killed a red ugly thing
 15500 | D:10     | Reached skill level 14 in Polearms
 15615 | D:11     | Killed a cyclops
 15648 | D:11     | Noticed a five-headed hydra
 15844 | D:11     | Killed a five-headed hydra
 15844 | D:11     | Reached XP level 12. HP: 50/95 MP: 16/19
 16105 | D:11     | Noticed a two-headed ogre
 16117 | D:11     | Killed a two-headed ogre
 16117 | D:11     | Reached skill level 5 in Throwing
 16640 | Orc:1    | Entered Level 1 of the Orcish Mines
 16644 | Orc:1    | You fall into a shaft and drop 1 floor!
 16644 | Orc:2    | Entered Level 2 of the Orcish Mines
 16650 | Orc:2    | Found a runed translucent door.
 16678 | Orc:2    | Noticed nano's ghost (journeyman OpVM)
 16681 | Orc:2    | Noticed Rupert
 16681 | Orc:2    | Noticed a stone giant
 16681 | Orc:2    | Paralysed by Rupert for 4 turns
 16941 | Lair:2   | Cast into level 1 of the Abyss (Sonja)
 17057 | Abyss:1  | HP: 2/96 [smoke demon/divine providence (13)]
 17058 | Abyss:1  | Noticed a wretched star
 17197 | Abyss:1  | Noticed a rakshasa
 17220 | Abyss:1  | Killed from afar by a rakshasa

Illustrated notes

Levels and vault maps discovered:
D:1:      kb_arrival_jail, layout_basic
D:2:      layout_basic, grunt_temple_overflow_open,
          amethyst_overflow_temple_binary, ashenzari_conservatory_becter,
          chequers_ecumenical_altar_simple_redux,
          nicolae_gozag_cash_rules_everything_around_me
D:3:      minmay_spotlight, layout_loops_ring, xom_teletrap_fun,
          minmay_misc_feat_enclosed, goddamned_bats
D:4:      layout_loops_cross, minmay_temple_entry_tees
D:5:      layout_cave_pods, gup_sewer_entry_bowl, first_ration
D:6:      layout_layer_cave, vehumet_altar_wand_db
D:7:      layout_basic
D:8:      layout_basic, nrook_uturn
D:9:      layout_gridville, lemuel_doored_altar
D:10:     layout_basic, dpeg_oklobed_lair, zombieorc2_lemuel, serial_shops,
          shop, shop, shop, hangedman_fish_farm
D:11:     layout_cave_pools, minmay_the_grid_2x2 [minmay_the_grid_dragon_a,
          minmay_the_grid_medium_cups, minmay_the_grid_spikes,
          minmay_the_grid_prize_big_room], uniq_gastronok
Temple:   zaba_magenta_temple
Lair:1:   layout_chaotic_city, grunt_megastairs_1, infiniplex_staircase_pool
Lair:2:   layout_cave_shapes, beast_lair_carwin_6, uniq_harold, uniq_sonja
Orc:1:    layout_caves, mines3_lemuel
Orc:2:    st_orc_pillars, layout_diamond_mine, ebering_ghost_inner_flame,
          uniq_erolcha, uniq_rupert, uniq_azrael
Abyss:1:  base:
D:4

Skill      XL: |  1  2  3  4  5  6  7  8  9 10 11 12 |
---------------+-------------------------------------+-----
Dodging        | 3 4 5 6 7 8 10 | 10.6
Armour         | 1 |  1.0
Throwing       | 1 2 3 4 5 |  5.3
Fighting       | 3 4 5 6 7 9 |  9.4
Polearms       | 4 5 7 12 14 | 14.0
Charms         | 4 5 6 7 |  7.5
Spellcasting   | 3 4 5 |  5.4
Hexes          | 1 2 |  2.0
Invocations    | 1 3 4 |  4.8
Evocations     | 1 2 3 4 |  4.0
Shields        | 3 4 |  4.0
Translocations | |  0.5

Action                   |  1- 3 |  4- 6 |  7- 9 | 10-12 || total
-------------------------+-------+-------+-------+-------++-------
Melee: Spear             |   122 |   260 |   344 |       ||   726
       Trident           |       |       |   246 |   694 ||   940
Throw: Javelin           |     1 |     3 |    12 |     4 ||    20
       Dart              |       |    13 |    82 |    36 ||   131
 Cast: Infusion          |     8 |    16 |    37 |    39 ||   100
       Shroud of Golubri |     4 |    16 |    38 |    42 ||   100
       Song of Slaying   |       |     3 |    11 |    20 ||    34
       Spectral Weapon   |       |       |    17 |    47 ||    64
Evoke: Wand              |       |       |     1 |       ||     1
  Use: Scroll            |       |     1 |     6 |    16 ||    23
       Potion            |       |       |     1 |     6 ||     7
 Stab: Sleeping          |     2 |       |       |       ||     2
       Distracted        |       |       |     1 |     4 ||     5
  Eat: Chunk             |     3 |     9 |    18 |    18 ||    48
       Ration            |       |       |     3 |     2 ||     5
Armor: Leather armour    |     8 |    95 |    76 |   109 ||   288
       Skin              |       |       |       |    22 ||    22
Dodge: Dodged            |    56 |   227 |   338 |   318 ||   939
Block: Buckler           |       |       |       |    84 ||    84
